 Dungeon Crawl Stone Soup version 0.24.0-41-g2ae2f7f1be (webtiles) character file.

Game seed: 18302778240495175311, levelgen mode: deterministic

56 Kobolds4U the Magician (level 3, -3/19 HPs)
             Began as a Deep Elf Conjurer on Dec 12, 2019.
             Slain by a crocodile (14 damage)
             ... on level 3 of the Dungeon.
             The game lasted 00:03:54 (2311 turns).

Kobolds4U the Magician (Deep Elf Conjurer)          Turns: 2311, Time: 00:03:54

Health: -3/19      AC:  2    Str:  6    XL:     3   Next: 69%
Magic:  11/11      EV: 13    Int: 19    God:
Gold:   99         SH:  0    Dex: 15    Spells: 9/12 levels left

rFire    . . .     SeeInvis .   g - +0 dagger (drain)
rCold    . . .     Gourm    .   (no shield)
rNeg     . . .     Faith    .   a - +0 robe
rPois    .         Spirit   .   (no helmet)
rElec    .         Reflect  .   (no cloak)
rCorr    .         Harm     .   (no gloves)
MR       .....                  (no boots)
Stlth    ++........             (no amulet)
HPRegen  0.06/turn              (no ring)
MPRegen  0.12/turn              (no ring)

@: no status effects
A: no striking features
a: no special abilities


You were on level 3 of the Dungeon.
You were not hungry.

You visited 1 branch of the dungeon, and saw 3 of its levels.

You collected 99 gold pieces.

Inventory:

Hand Weapons
 g - a +0 dagger of draining (weapon)
Armour
 a - a +0 robe (worn)
Scrolls
 b - 5 scrolls of identify {unknown}
 e - a scroll of teleportation {unknown}
Potions
 d - a potion of flight {unknown}
 f - 3 potions of brilliance {unknown}
 h - a potion of agility {unknown}
 i - a potion of heal wounds {unknown}
 j - a potion of ambrosia {unknown}
Comestibles
 c - 6 rations


   Skills:
 * Level 0.0 Fighting
 - Level 2.4 Dodging
 + Level 3.5 Stealth
 - Level 5.0 Spellcasting
 * Level 4.3 Conjurations


You had 9 spell levels left.
You knew the following spells:

 Your Spells              Type           Power        Failure   Level  Hunger
a - Magic Dart            Conj           ###.         1%          1    None
b - Searing Ray           Conj           ###...       3%          2    #......

Your spell library contained the following spells:

 Spells                   Type           Power        Failure   Level  Hunger
 Dazzling Spray           Conj/Hex       ##....       16%         3    ##.....
 Iskenderun's Mystic Bla  Conj           ###.....     21%         4    ####...
 Force Lance              Conj/Tloc      ##......     45%         4    ####...
 Fulminant Prism          Conj/Hex       ##........   45%         4    ####...


Dungeon Overview and Level Annotations

Branches:
Dungeon (3/15)

Altars:


Message History

A crocodile comes into view.
The kobold barely misses you.
You see here a frilled lizard corpse.
You hit the kobold.
The kobold is severely wounded.
The kobold misses you.
You barely miss the kobold.
The kobold is moderately wounded.
The kobold closely misses you.
You hit the kobold.
You kill the kobold!
Training target 5.0 for Spellcasting reached!
Your Spellcasting skill increases to level 5!
You barely miss the crocodile. You hit the crocodile but do no damage.
The crocodile bites you but does no damage.
You hit the crocodile but do no damage. The crocodile bites you.
You barely miss the crocodile. The crocodile bites you!
Ouch! That really hurt!
You die...

............#
.............#
............?#
.............#
.............#
.........(...#
.............#
.............#
#.....@t#...#
#.#####.# #.#
#.# .. #.. #
#... .....
..#... ..#....


You could see a crocodile.

Vanquished Creatures
  An ooze (D:1)
  A leopard gecko (D:1)
  3 giant cockroaches (D:1)
  3 goblins
  8 hobgoblins
  4 jackals (D:1)
  5 kobolds
  A quokka (D:2)
  2 ball pythons
  6 bats
  5 frilled lizards
  7 rats
46 creatures vanquished.

Notes
Turn   | Place    | Note
-------+----------+-------------------------------------------
     0 | D:1      | Kobolds4U the Deep Elf Conjurer began the quest for the
                  | Orb.
     0 | D:1      | Reached XP level 1. HP: 10/10 MP: 6/6
   309 | D:1      | Reached XP level 2. HP: 12/15 MP: 2/8
   514 | D:1      | Reached skill level 4 in Spellcasting
   536 | D:1      | Learned a level 2 spell: Searing Ray
   995 | D:1      | Reached XP level 3. HP: 19/19 MP: 10/10
  2303 | D:3      | Noticed a crocodile
  2307 | D:3      | Reached skill level 5 in Spellcasting
  2311 | D:3      | Slain by a crocodile

Levels and vault maps discovered:
D:1:      tarquinn_simple_flora_water_b, layout_rooms,
          minmay_misc_feat_ornament, minmay_tetromino_s2
D:2:      layout_basic, first_ration
D:3:      layout_basic, chequers_ecumenical_altar_grove

Skill      XL: |  1  2  3 |
---------------+----------+-----
Stealth        | 3 |  3.5
Spellcasting   | 4 5 |  5.0
Dodging        | |  2.4
Conjurations   | |  4.3

Action                   || total
-------------------------++-------
Melee: Unarmed           ||     4
       Dagger            ||   102
 Cast: Magic Dart        ||    31
       Searing Ray       ||     3
 Stab: Sleeping          ||     5
  Eat: Chunk             ||     4
Armor: Robe              ||    22
Dodge: Dodged            ||    97
